 Dungeon Crawl Stone Soup version 0.26.0-16-gc1dbca0489 (webtiles) character file.

Game seed: 16714111436520702323

4781 Delamore the Basher (level 10, -8/59 HPs)
             Began as a Gargoyle Fighter on Jan 21, 2021.
             Was a Follower of Okawaru.
             Mangled by Grum
             ... wielding a -2 spear
              (17 damage)
             ... on level 9 of the Dungeon.
             The game lasted 00:08:23 (8985 turns).

Delamore the Basher (Gargoyle Fighter)              Turns: 8985, Time: 00:08:23

Health: -8/59      AC:  0    Str: 23    XL:     10   Next: 47%
Magic:  10/10      EV: 17    Int:  9    God:    Okawaru [*.....]
Gold:   303        SH:  0    Dex: 14    Spells: 9/9 levels left

rFire    . . .     SeeInvis .   (weapon currently unavailable)
rCold    . . .     Faith    .   (shield currently unavailable)
rNeg     + . .     Spirit   .   (armour currently unavailable)
rPois    ∞         Reflect  .   (helmet currently unavailable)
rElec    .         Harm     .   (cloak currently unavailable)
rCorr    .         Rampage  .   (gloves currently unavailable)
Will     .....                  (boots currently unavailable)
Stlth    +.........             (no amulet)
HPRegen  0.19/turn              (ring currently unavailable)
MPRegen  0.12/turn              (ring currently unavailable)

@: bat-form, flying, very quick
A: tiny, negative energy resistance 1, petrification resistance, miasma
immunity, AC +7
a: Stop Flying, Renounce Religion, Heroism


You were on level 9 of the Dungeon.
You worshipped Okawaru.
Okawaru was aware of your devotion.
You were in bat-form.
You visited 2 branches of the dungeon, and saw 10 of its levels.

You collected 407 gold pieces.
You spent 104 gold pieces at shops.

Inventory:

Hand Weapons
 a - a +1 flail
 B - a +2 whip of flaming
 G - a +1 whip of electrocution (melded)
Missiles
 z - 56 poisoned darts (quivered)
Armour
 b - a +0 scale mail
 c - a +0 kite shield (melded)
 h - a scarf of repulsion
 m - a +0 pair of gloves (melded)
 C - a +0 chain mail (melded)
 D - a +2 cloak (melded)
 J - a +1 helmet (melded)
Jewellery
 H - a +6 ring of dexterity (melded)
 I - a +6 ring of intelligence (melded)
Wands
 o - a wand of paralysis (8)
 x - a wand of enslavement (12)
 E - a wand of flame (23)
 K - a wand of disintegration (19)
 M - a wand of acid (3)
Scrolls
 f - 9 scrolls of teleportation
 g - 5 scrolls of remove curse
 j - 3 scrolls of amnesia {unknown}
 k - a scroll of random uselessness
 l - 4 scrolls of enchant weapon
 q - a scroll of blinking
 r - a scroll of immolation
 v - 3 scrolls of enchant armour
 w - a scroll of fear
 y - 2 scrolls of noise
 F - 2 scrolls of magic mapping {unknown}
 L - a scroll of identify
Potions
 d - 4 potions of might
 e - a potion of resistance {unknown}
 i - a potion of curing
 n - 3 potions of flight {unknown}
 p - 5 potions of heal wounds
 s - a potion of mutation {unknown}
 t - 2 potions of lignification {unknown}
 u - a potion of brilliance {unknown}
 A - 3 potions of haste


   Skills:
 - Level 5.0 Fighting
 + Level 13.8 Maces & Flails
 - Level 3.2 Armour
 - Level 5.0 Shields


You had 9 spell levels left.
You didn't know any spells.
Your spell library contained the following spells:

 Spells                   Type           Power        Failure   Level
 Beastly Appendage        Tmut           0%           38%         1
 Magic Dart               Conj           0%           38%         1
 Searing Ray              Conj           0%           52%         2
 Wereblood                Tmut           0%           52%         2
 Dazzling Flash           Conj/Hex       0%           77%         3
 Spider Form              Tmut/Pois      0%           77%         3
 Fulminant Prism          Conj/Hex       0%           99%         4
 Ice Form                 Ice/Tmut       0%           99%         4
 Iskenderun's Mystic Bla  Conj/Tloc      0%           99%         4
 Blade Hands              Tmut           0%           100%        5


Dungeon Overview and Level Annotations

Branches:
Dungeon (9/15)             Temple (1/1) D:7
   Lair: D:8-11         Orc: D:9-12

Altars:
Ashenzari
Cheibriados
Elyvilon
Fedhas
Gozag
Hepliaklqana
Kikubaaqudgha
Makhleb
Nemelex Xobeh
Okawaru
Qazlal
Ru
Sif Muna
Trog
Uskayaw
Vehumet
Wu Jian
Xom
Yredelemnul
Zin
The Shining One

Shops:
D:5 !

Annotations:
D:3 exclusion: oklob plant
D:9 Grum


Innate Abilities, Weirdness & Mutations

You are resistant to torment.
((Your stone body is resilient. (AC +7)))
You are immune to poison.
You resist negative energy. (rN+)
((You are resistant to electric shocks. (rElec)))
((You can survive without breathing.))
You are immune to petrification.
You are immune to miasma.


Message History

Your +0 kite shield melds into your body.
Your +0 chain mail melds into your body.
Your +6 ring of dexterity melds into your body.
Your +6 ring of intelligence melds into your body.
Your +1 whip of electrocution stops crackling.
You feel clumsy.
You feel stupid.
You hit Grum but do no damage.
Grum is lightly wounded.
Grum zaps a wand.
You easily resist.
You hit Grum but do no damage.
Grum is lightly wounded.
Grum zaps a wand.
You easily resist.
The now-empty wand crumbles to dust.
You hit Grum but do no damage.
Grum is lightly wounded.
You hit Grum but do no damage.
Grum is lightly wounded.
Grum hits you with a -2 spear!
* * * LOW HITPOINT WARNING * * *
Grum hits you from afar with a -2 spear!
You die...

..###.#..
#........
##.......# #
.........# ##.#
.........##...##
................
.......†.)......
......g)b.......
.......†))......
................
..!.............
.###).#.#..#.#.#
....#.#..#.# .
###..###..# #
... ...


You could see Grum.

Vanquished Creatures
  Pikel (D:6)
  Joseph (D:7)
  Grinder (D:3)
  Purgy (D:3)
  2 orc warriors
  2 phantoms
  A black bear (D:6)
  An ice beast (D:8)
  4 sky beasts
  5 ogres
  2 wolves (D:9)
  4 centaurs
  A big kobold (D:7)
  5 bullfrogs
  2 scorpions
  A water moccasin skeleton (D:3)
  An electric eel (D:7)
  3 howler monkeys (D:8)
  2 bullfrog zombies
  2 hounds (D:8)
  4 orc priests
  9 orc wizards
  Crazy Yiuf (D:5)
  9 worker ants
  4 iguanas
  A hound zombie (D:8)
  A worker ant zombie (D:8)
  8 gnolls
  7 adders
  3 shadow imps
  A white imp (D:5)
  An ufetubus (D:9)
  An ooze (D:4)
  An adder skeleton (D:5)
  2 adder zombies
  4 worms
  A dart slug (D:2)
  6 leopard geckos
  36 orcs
  3 ball pythons
  16 giant cockroaches
  6 goblins
  9 hobgoblins
  23 jackals
  8 kobolds
  4 quokkas
  A ball python skeleton (D:4)
  4 bats
  4 frilled lizards
  A leopard gecko skeleton (D:7)
  9 rats
230 creatures vanquished.

Vanquished Creatures (others)
  An orc wizard (D:4)
1 creature vanquished.

Grand Total: 231 creatures vanquished

Notes
Turn   | Place    | Note
-------+----------+-------------------------------------------
     0 | D:1      | Delamore the Gargoyle Fighter began the quest for the Orb.
     0 | D:1      | Reached XP level 1. HP: 14/14 MP: 1/1
   110 | D:1      | Reached XP level 2. HP: 17/19 MP: 2/2
   303 | D:1      | Reached XP level 3. HP: 22/24 MP: 3/3
  1667 | D:3      | Reached XP level 4. HP: 26/29 MP: 4/4
  1837 | D:3      | Reached skill level 3 in Maces & Flails
  1930 | D:3      | Reached XP level 5. HP: 31/34 MP: 5/5
  1998 | D:3      | Noticed Grinder
  2014 | D:3      | Killed Grinder
  2015 | D:3      | Reached skill level 5 in Fighting
  2015 | D:3      | Reached skill level 4 in Maces & Flails
  2015 | D:3      | Reached skill level 5 in Shields
  2015 | D:3      | Reached XP level 6. HP: 30/40 MP: 6/6
  2136 | D:3      | Noticed Purgy
  2184 | D:3      | Killed Purgy
  2185 | D:3      | Reached skill level 5 in Maces & Flails
  2231 | D:3      | Found a blossoming altar of Fedhas.
  2247 | D:3      | Noticed an oklob plant
  2339 | D:3      | Reached XP level 7. HP: 31/44 MP: 7/7
  2546 | D:4      | Found a hide-covered altar of Uskayaw.
  2546 | D:4      | Noticed a -2 dagger
  2546 | D:4      | Noticed a +0 hand axe
  2566 | D:4      | Reached skill level 6 in Maces & Flails
  3133 | D:4      | Found a hazy altar of Hepliaklqana.
  3133 | D:4      | Found an ancient bone altar of Kikubaaqudgha.
  3217 | D:5      | Entered Level 5 of the Dungeon
  3256 | D:5      | Reached skill level 7 in Maces & Flails
  3388 | D:5      | Reached XP level 8. HP: 37/49 MP: 8/8
  4163 | D:5      | Found a runed translucent door.
  4164 | D:5      | Noticed Crazy Yiuf
  4198 | D:5      | Reached skill level 8 in Maces & Flails
  4244 | D:5      | Found Coqyman's Distillery.
  4252 | D:5      | Bought a potion of heal wounds for 65 gold pieces
  4252 | D:5      | Bought a potion of curing for 39 gold pieces
  4554 | D:5      | Killed Crazy Yiuf
  4891 | D:6      | Reached skill level 9 in Maces & Flails
  5115 | D:6      | Noticed Pikel
  5129 | D:6      | Killed Pikel
  5130 | D:6      | Reached skill level 10 in Maces & Flails
  5130 | D:6      | Reached XP level 9. HP: 29/54 MP: 9/9
  5543 | D:6      | Reached skill level 11 in Maces & Flails
  6377 | D:7      | Found a glowing silver altar of Zin.
  6427 | D:7      | Found a staircase to the Ecumenical Temple.
  6436 | Temple   | Entered the Ecumenical Temple
  6681 | D:7      | Found an iron altar of Okawaru.
  6711 | D:7      | Became a worshipper of Warmaster Okawaru
  6880 | D:7      | Found a sparkling altar of Nemelex Xobeh.
  6982 | D:7      | Noticed Joseph
  7002 | D:7      | Killed Joseph
  7003 | D:7      | Reached skill level 12 in Maces & Flails
  7464 | D:8      | Reached XP level 10. HP: 26/59 MP: 10/10
  7720 | D:8      | Reached skill level 13 in Maces & Flails
  8254 | D:8      | Reached * piety under Okawaru
  8745 | D:8      | Found a stormy altar of Qazlal.
  8875 | D:9      | Noticed Grum
  8985 | D:9      | Mangled by Grum

Illustrated notes

Levels and vault maps discovered:
D:1:      lightli_iron_boxes, layout_basic
D:2:      minmay_roachtagon, layout_loops_ring
D:3:      layout_rooms, tgw_fedhas, uniq_purgy, uniq_grinder
D:4:      layout_rooms, dancing_weapons_uskayaw,
          gammafunk_temple_overflow_statue
D:5:      layout_loops_ring, serial_shops, nicolae_shop_trees,
          minmay_quadrilaterals, uniq_crazy_yiuf_cottage
D:6:      layout_loops_ring, serial_bayou_pond_a, uniq_pikel
D:7:      statuecave_lemuel, layout_cave_pods, okawaru_altar_gauntlet_db,
          nicolae_overflow_crystal_walls, kennysheep_mini_moat,
          minmay_temple_entry_antechambers, uniq_joseph
D:8:      wander_river, layout_basic, nicolae_qazlal_eye_of_the_storm
D:9:      layout_cave_pools, grunt_dithmenos_shadows, erik_lair_orcish_takeover,
          erik_orc_1, minmay_misc_feat_nine_boxes, uniq_grum
Temple:   eino_narrow_crystal_temple

Skill      XL: |  1  2  3  4  5  6  7  8  9 10 |
---------------+-------------------------------+-----
Fighting       | 4 5 |  5.0
Shields        | 4 5 |  5.0
Maces & Flails | 3 4 5 7 10 12 13 | 13.8
Armour         | |  3.2

Action                   |  1- 3 |  4- 6 |  7- 9 | 10-12 || total
-------------------------+-------+-------+-------+-------++-------
Melee: Flail             |   141 |   109 |   337 |       ||   587
       Whip              |       |       |   199 |   165 ||   364
       Unarmed           |       |       |       |     4 ||     4
Throw: Dart              |       |       |       |     3 ||     3
Evoke: Wand              |       |     2 |       |       ||     2
  Use: Scroll            |       |     2 |     6 |     1 ||     9
       Potion            |       |       |       |     2 ||     2
 Stab: Paralysed         |       |     6 |       |       ||     6
Armor: Scale mail        |   122 |    83 |   187 |       ||   392
       Chain mail        |       |       |    87 |    56 ||   143
       Skin              |       |       |       |    56 ||    56
Dodge: Dodged            |    59 |    33 |   123 |    27 ||   242
       Repelled          |       |       |     5 |       ||     5
Block: Kite shield       |   111 |    65 |   267 |    89 ||   532
